 Dungeon Crawl Stone Soup version 0.29.0-10-g45618ea6d2 (webtiles) character file.

Game seed: 4680350854472403740

141 nickcage the Cudgeller (level 5, -5/32 HPs)
             Began as a Gargoyle Fighter on Sept 1, 2022.
             Slain by Sigmund
             ... wielding a +0 scythe
              (7 damage)
             ... on level 2 of the Dungeon.
             The game lasted 00:03:22 (1955 turns).

nickcage the Cudgeller (Gargoyle Fighter)           Turns: 1955, Time: 00:03:23

Health: -5/32      AC: 10    Str: 22    XL:     5   Next: 24%
Magic:  5/5        EV:  9    Int:  8    God:
Gold:   84         SH:  0    Dex:  9    Spells: 4/4 levels left

rFire   . . .      SeeInvis .   a - +0 flail
rCold   . . .      Faith    .   c - +0 buckler
rNeg    + . .      Spirit   .   b - +0 scale mail
rPois   ∞          Reflect  .   (no helmet)
rElec   +          Harm     .   (no cloak)
rCorr   .          Rampage  .   (no gloves)
Will    .....                   (no boots)
Stlth   ..........              (no amulet)
HPRegen 0.10/turn               (no ring)
MPRegen 0.09/turn               (no ring)

@: confused
A: sickness immunity, AC +4, negative energy resistance 1, electricity
resistance, torment resistance 1, petrification resistance
a: no special abilities


You were on level 2 of the Dungeon.
You visited 1 branch of the dungeon, and saw 2 of its levels.

You collected 84 gold pieces.

Inventory:

Hand Weapons
 a - a +0 flail (weapon)
Armour
 b - a +0 scale mail (worn)
 c - a +0 buckler (worn)
Scrolls
 e - a scroll of identify {unknown}
 f - a scroll of magic mapping {unknown}
 g - 2 scrolls of immolation {unknown}
 h - 4 scrolls of teleportation {unknown}
 j - a scroll of amnesia {unknown}
Potions
 d - a potion of might
 i - a potion of ambrosia {unknown}


   Skills:
 - Level 3.2 Fighting
 + Level 5.3 Maces & Flails
 - Level 3.2 Armour
 - Level 3.2 Shields


You had 4 spell levels left.
You didn't know any spells.
Your spell library was empty.

Dungeon Overview and Level Annotations

Branches:
Dungeon (2/15)

Altars:
Ashenzari

Shops:
D:1 :

Annotations:
D:2 Sigmund


Innate Abilities, Weirdness & Mutations

You are immune to sickness and miasma.
Your stone body is resilient. (AC +4)
You are immune to poison.
You resist negative energy. (rN+)
You are resistant to electric shocks. (rElec)
You are resistant to unholy torment.
You are immune to petrification.


Message History

You now have 84 gold pieces (gained 14).
There is an open door here.
There is an open door here.
h - 4 scrolls labelled NISUEN HOTWIDA (gained 3) Sigmund the Dreaded comes into view.
He is wielding a +0 scythe.
Sigmund shouts!
Sigmund casts a spell.
Sigmund flickers and vanishes!
Deactivating autopickup; reactivate with Ctrl-A.
Something hits you!
You closely miss something. Something hits you but does no damage.
You closely miss something. Something hits you but does no damage.
You closely miss something. Something hits you!
You barely miss something. You miss something. Something hits you!
* * * LOW HITPOINT WARNING * * *
You barely miss something. Something hits you.
* * * LOW HITPOINT WARNING * * *
You miss something. Something hits you but does no damage.
You hit something.
You hear some strange, mumbled words.
Something tries to affect you, but you resist.
You hit something but do no damage.
You hear some strange, mumbled words.
A magic dart appears from out of thin air!
The magic dart hits you.
* * * LOW HITPOINT WARNING * * *
You barely miss something. Something hits you but does no damage.
You miss something. You sock something!
You hear some strange, mumbled words.
You are confused.
Something hits you but does no damage.
You closely miss something.
You hear some strange, mumbled words.
A puff of flame appears from out of thin air!
The puff of flame hits you.
* * * LOW HITPOINT WARNING * * *
You bump into the rock wall.
Something hits you!
You die...

######### #.......# ###########
### #...>...# #.........# ##.#
##.......# #.#######.######...
.........# #..................
##.).....# #..#####.<##.#.....
#.).....# #{@##........##...#
#.......######..#.#.#..#####..##
####.............###...#####..#
#..#######.#.## ##.........#
##..# #.##.###.########+#
#...##### #.###.#.## ##...#
#.......# #.# #..## ##.....
#...###.# #.# #.#.## ##......
###...##)###.###....####.......


There were no monsters in sight!

Vanquished Creatures
  2 orc priests (D:2)
  An orc wizard (D:2)
  2 adders (D:2)
  2 dart slugs
  5 orcs (D:2)
  2 endoplasms (D:1)
  3 giant cockroaches (D:2)
  A goblin (D:1)
  3 hobgoblins (D:1)
  2 quokkas
  A ball python (D:1)
  A bat (D:2)
  4 kobolds (D:1)
  6 rats
35 creatures vanquished.

Notes
Turn   | Place    | Note
-------+----------+-------------------------------------------
     0 | D:1      | nickcage the Gargoyle Fighter began the quest for the Orb.
     0 | D:1      | Reached XP level 1. HP: 14/14 MP: 1/1
    15 | D:1      | Found Udogovor's Book Shoppe.
   289 | D:1      | Reached XP level 2. HP: 19/19 MP: 2/2
   446 | D:1      | Found a faded altar of an unknown god.
   574 | D:1      | Reached skill level 3 in Maces & Flails
   887 | D:1      | Found a broken altar of Ashenzari.
   928 | D:2      | Reached XP level 3. HP: 23/23 MP: 3/3
  1171 | D:2      | Reached skill level 4 in Maces & Flails
  1171 | D:2      | Reached XP level 4. HP: 27/28 MP: 4/4
  1309 | D:2      | HP: 1/28 [orc priest/+0 short sword (4)]
  1311 | D:2      | Reached skill level 5 in Maces & Flails
  1311 | D:2      | Reached XP level 5. HP: 1/32 MP: 5/5
  1937 | D:2      | Noticed Sigmund
  1955 | D:2      | Slain by Sigmund

Illustrated notes

Levels and vault maps discovered:
D:1:      dpeg_arrival_water_altar, layout_loops_cross,
          nicolae_ecumenical_snake_handling, serial_shops, shop,
          grunt_decor_fettered, chequers_serial_rivers_small_b,
          chequers_arboretum, grunt_decor_arrowhead, minmay_misc_feat_chi
D:2:      cheibrodos_pilgrimage, layout_loops_corners, uniq_sigmund

Skill      XL: |  1  2  3  4 |
---------------+-------------+-----
Maces & Flails | 3 4 5 |  5.3
Fighting       | |  3.2
Armour         | |  3.2
Shields        | |  3.2

Action                   |  1- 3 |  4- 6 || total
-------------------------+-------+-------++-------
Melee: Flail             |    67 |    58 ||   125
Armor: Scale mail        |    41 |    26 ||    67
Dodge: Dodged            |    30 |    25 ||    55
Block: Buckler           |     9 |     7 ||    16
